 Dungeon Crawl Stone Soup version 0.30.0-29-ga12c61a403 (webtiles) character file.

Game seed: 8649745565345362582

35 Peloso the Trooper (level 3, 33/33 HPs)
             Began as a Minotaur Fighter on June 7, 2023.
             Got out of the dungeon alive.
             The game lasted 00:01:42 (1121 turns).

Peloso the Trooper (Minotaur Fighter)               Turns: 1121, Time: 00:01:43

Health: 33/33      AC:  4    Str: 20    XL:     3   Next: 17%
Magic:  2/2        EV:  9    Int:  5    God:
Gold:   45         SH:  4    Dex: 11    Spells: 2/2 levels left

rFire   . . .        a - +0 long sword
rCold   . . .        c - +0 buckler
rNeg    . . .        b - +0 scale mail
rPois   .            (helmet restricted)
rElec   .            (no cloak)
rCorr   .            (no gloves)
SInv    .            (no boots)
Will    .....        (no amulet) Stlth
                     (no ring)
HPRegen 0.25/turn    (no ring)
MPRegen 0.08/turn

%: no passive effects
@: no status effects
A: horns 2, retaliatory headbutt, deformed body, wild magic 1, inability to
drink after injury 1
a: no special abilities


You escaped.
You visited 1 branch of the dungeon, and saw 2 of its levels.

You collected 45 gold pieces.

Inventory:

Hand Weapons
 a - a +0 long sword (weapon)
Armour
 b - a +0 scale mail (worn)
 c - a +0 buckler (worn)
Scrolls
 e - a scroll of teleportation {unknown}
 g - a scroll of fear {unknown}
Potions
 d - a potion of might
 f - a potion of haste
 h - a potion of berserk rage


   Skills:
 + Level 4.2 Fighting
 + Level 2.8 Long Blades
 + Level 4.1 Armour
 + Level 4.1 Shields


You had 2 spell levels left.
You didn't know any spells.
Your spell library was empty.

Dungeon Overview and Level Annotations

Branches:
Dungeon (2/15)

Altars:


Innate Abilities, Weirdness & Mutations

You have a pair of horns on your head.
You reflexively headbutt those who attack you in melee.
Armour fits poorly on your strangely shaped body.
Your spells are a little harder to cast, but a little more powerful.
You occasionally lose the ability to drink potions when taking damage.


Message History

There is a stone staircase leading up here.
Sorry, I don't know how to get there.
A rat comes into view.
A rat is nearby!
A rat is nearby!
A rat is nearby!
The rat closely misses you.
You closely miss the rat. The rat bites you but does no damage.
You closely miss the rat. The rat barely misses you.
You hit the rat.
You kill the rat!
e - a scroll labelled QOKIOQULIS
g - a scroll labelled HEJIAL SENG A frilled lizard comes into view.
The frilled lizard hisses angrily.
It was a potion of flight.
You feel very buoyant.
You fly up into the air.
The frilled lizard bites you but does no damage.
You miss the frilled lizard. You headbutt the frilled lizard.
You kill the frilled lizard!
It was a potion of mutation.
You feel extremely strange.
You occasionally lose the ability to drink potions when taking damage.
Your body twists and deforms.
You feel less in control of your magic.
(D) Dungeon
Where to? (Enter - D:12, ? - help)
What level of the Dungeon? (default 1, ? - help)
There is a stone staircase leading up here.
You fly upwards.
You are starting to lose your buoyancy.
There is a stone staircase leading down here.
You float gracefully downwards.
There is an open door here.
You enter the shallow water.
Moving in this stuff is going to be slow.
You enter the shallow water.
Moving in this stuff is going to be slow.
There is a staircase leading out of the dungeon here.
Are you sure you want to leave the Dungeon?
This will make you lose the game!
You have escaped!

# ##### ####### #.#.. #
#..÷####### ##..##~### #.#..
#######..#.#.###)###....### #.##.
..######..#...........~...###.##.
#.##.#....##..~~≈..~..~~~~.##....
#....##.~....~~≈~.~~~.≈~~~.###.##
####..#..~≈~.~≈~.~~≈≈~.~...# #...
##.##.~≈~~~~.~~~≈≈≈~..### #...
##.##..≈≈~..@..≈≈≈~.######...
###...~≈≈≈~≈~.~≈≈≈~..#....... ###
#..#..~~≈~≈~.≈≈≈≈~~..##..#... ..#
###...~~.~~.~≈~~~..###.###...
#.#######...~..~≈≈~.....#..# #...
#.##.....#.~##.~~.....~...## #...
#.##.)##...##########...### #...
..###.###### #########.# #... #.#
### #...# #######..#


There were no monsters in sight!

Vanquished Creatures
  A dart slug (D:1)
  7 endoplasms (D:1)
  A giant cockroach (D:1)
  3 hobgoblins (D:1)
  3 kobolds (D:1)
  A quokka (D:1)
  2 ball pythons (D:1)
  5 bats (D:1)
  2 frilled lizards
  3 goblins (D:1)
  4 rats
32 creatures vanquished.

Notes
Turn   | Place    | Note
-------+----------+-------------------------------------------
     0 | D:1      | Peloso the Minotaur Fighter began the quest for the Orb.
     0 | D:1      | Reached XP level 1. HP: 19/19 MP: 0/0
    50 | D:1      | Reached XP level 2. HP: 26/27 MP: 1/1
   644 | D:1      | Reached XP level 3. HP: 28/33 MP: 2/2
  1050 | D:2      | Gained mutation: You occasionally lose the ability to drink
                  | potions when taking damage. [potion of mutation]
  1050 | D:2      | Gained mutation: Armour fits poorly on your strangely
                  | shaped body. [potion of mutation]
  1050 | D:2      | Gained mutation: Your spells are a little harder to cast,
                  | but a little more powerful. [potion of mutation]
  1121 | D:$      | Got out of the dungeon alive.

Illustrated notes

Levels and vault maps discovered:
D:1:      dpeg_arrival_subterranean_lakeside_camping, layout_basic
D:2:      layout_basic

Skill      XL: |  1  2 |
---------------+-------+-----
Fighting       | 4 |  4.2
Armour         | 4 |  4.1
Shields        | 4 |  4.1
Long Blades    | |  2.8

Action                     || total
---------------------------++-------
  Melee: Long sword        ||    52
         Headbutt          ||     9
    Use: Scroll            ||     5
         Potion            ||     2
 Armour: Scale mail        ||    30
  Dodge: Dodged            ||    31
  Block: Buckler           ||    11
